 Dungeon Crawl Stone Soup version 0.17.0-7-gfadd4cc (webtiles) character file.

951 septik the Covered (level 8, -2/51 HPs)
             Began as a Gargoyle Fighter on Nov 9, 2015.
             Was a Follower of Trog.
             Slain by an ogre
             ... wielding a +0 giant spiked club
              (15 damage)
             ... on level 5 of the Dungeon.
             The game lasted 00:09:01 (4690 turns).

septik the Covered (Gargoyle Fighter)               Turns: 4690, Time: 00:09:01

Health: -2/51      AC: 13    Str: 21    XL:     8   Next: 13%
Magic:  8/8        EV:  7    Int: 10    God:    Trog [*.....]
Gold:   357        SH: 10    Dex:  9    Spells: 0 memorised, 7 levels left

rFire  . . .     SeeInvis .     y - +0 hand axe
rCold  . . .     Clarity  .     b - +0 scale mail
rNeg   + . .     SustAt   .     c - +0 shield
rPois  ∞         Gourm    .     (no helmet)
rElec  +         Spirit   .     (no cloak)
rCorr  .         Warding  .     (no gloves)
rMut   .         Stasis   .     (no boots)
MR     .....                    q - amulet of regeneration
Stlth  ..........               (no ring)
                                l - +1 ring of protection

@: not resistant to hostile enchantments, extremely unstealthy
A: negative energy resistance 1, electricity resistance, unbreathing,
petrification resistance, rot immunity, AC +5
a: Berserk, Burn Spellbooks, Renounce Religion


You were on level 5 of the Dungeon.
You worshipped Trog.
Trog was aware of your devotion.
You were not hungry.

You visited 2 branches of the dungeon, and saw 6 of its levels.

You collected 357 gold pieces.

Inventory:

Hand Weapons
 a - a +0 flail
 y - a +0 hand axe (weapon)
Armour
 b - a +0 scale mail (worn)
 c - a +0 shield (worn)
 t - a +0 chain mail
Jewellery
 l - a +1 ring of protection (left hand)
 q - an amulet of regeneration (around neck)
Scrolls
 g - 5 scrolls of remove curse {unknown}
 h - 2 scrolls of immolation {unknown}
 i - 6 scrolls of identify {unknown}
 r - a scroll of teleportation {unknown}
Potions
 d - 2 potions of might
 j - 3 potions of curing {unknown}
 k - a potion of heal wounds {unknown}
 m - a potion of cancellation {unknown}
 n - a potion of resistance {unknown}
 o - 2 potions of poison {unknown}
 p - a potion of flight {unknown}
 s - a potion of magic {unknown}
 u - a potion of cure mutation {unknown}
 w - 2 potions of agility {unknown}
 z - a potion of degeneration {unknown}
Miscellaneous
 x - a plain deck of destruction
Comestibles
 e - a bread ration
 f - 4 meat rations
 v - a fruit
 A - 3 chunks of flesh


   Skills:
 + Level 5.6 Fighting
 * Level 3.4(4.2) Axes
 - Level 4.0(4.7) Maces & Flails
 + Level 5.6 Armour
 + Level 5.5 Shields


You had 7 spell levels left.
You didn't know any spells.

Dungeon Overview and Level Annotations

Branches:
Dungeon (5/15)             Temple (1/1) D:4

Altars:
Ashenzari
Cheibriados
Dithmenos
Elyvilon
Fedhas
Gozag
Makhleb
Nemelex Xobeh
Qazlal
Ru
Trog
Vehumet
Yredelemnul
The Shining One


Innate Abilities, Weirdness & Mutations

You are resistant to torment.
Your stone body is resilient (AC +5).
You are immune to poison.
You resist negative energy.
You are resistant to electric shocks.
You can survive without breathing.
You are immune to petrification.
You are immune to rotting.


Message History

You hit the ogre.
The ogre is lightly wounded.
The crimson imp blinks!
The ogre hits you with a giant spiked club.
You hit the ogre.
The ogre is lightly wounded.
You hit the ogre.
The ogre is lightly wounded.
You block the ogre's attack.
You hit the ogre but do no damage.
The ogre is lightly wounded.
You block the ogre's attack.
You hit the ogre but do no damage.
The ogre is lightly wounded.
The ogre hits you with a giant spiked club!
* * * LOW HITPOINT WARNING * * *
You slash the ogre!
The ogre is moderately wounded.
The ogre hits you with a giant spiked club!
You die...

......... .........
..# ...##### #.#
....# #.# ....# #.#
._..## #.# .....#
#.# .....# #O#
...#.# #@# ##...#
#.# ##.###########
#.# .......... ..#
#.# .#.####### #.#
#5# .#.#
#####.###.#.# .#.#
#.......%...#
.#.#####.###.####.##
##.......##.#<## .#


You could see an ogre and a crimson imp.

Vanquished Creatures
  Menkaure (D:5)
  A phantom (D:4)
  2 centaurs
  Blork the orc (D:5)
  A scorpion (D:4)
  3 hounds
  Crazy Yiuf (D:5)
  An orc wizard (D:4)
  4 worker ants
  A hound skeleton (D:4)
  11 adders
  An ooze (D:1)
  3 worms
  An adder skeleton (D:4)
  2 giant geckos
  6 orcs
  2 ball pythons
  8 bats
  3 giant cockroaches
  6 goblins
  9 hobgoblins
  12 jackals
  11 kobolds
  5 giant newts
  A quokka (D:5)
  10 rats
107 creatures vanquished.

Notes
Turn   | Place    | Note
--------------------------------------------------------------
     0 | D:1      | septik the Gargoyle Fighter began the quest for the Orb.
     0 | D:1      | Reached XP level 1. HP: 14/14 MP: 1/1
   200 | D:1      | Reached XP level 2. HP: 12/19 MP: 2/2
   464 | D:1      | Reached XP level 3. HP: 23/23 MP: 3/3
  1194 | D:2      | Reached XP level 4. HP: 25/29 MP: 4/4
  1233 | D:2      | Noticed a centaur
  1253 | D:2      | Killed a centaur
  1253 | D:2      | Reached skill level 4 in Fighting
  1253 | D:2      | Reached XP level 5. HP: 22/33 MP: 5/5
  1972 | D:2      | Found a blossoming altar of Fedhas.
  2341 | D:3      | Found a bloodstained altar of Trog.
  2341 | D:3      | Found a snail-covered altar of Cheibriados.
  2552 | D:3      | Became a worshipper of Trog the Wrathful
  2963 | D:4      | Noticed a centaur
  2977 | D:4      | Killed a centaur
  2977 | D:4      | Reached XP level 6. HP: 22/39 MP: 6/6
  3181 | D:4      | Found a glowing golden altar of the Shining One.
  3247 | D:4      | Found a sparkling altar of Nemelex Xobeh.
  3273 | D:4      | Reached skill level 1 in Axes
  3336 | D:4      | Found a staircase to the Ecumenical Temple.
  3337 | D:4      | Noticed a phantom
  3440 | D:4      | Killed a phantom
  3440 | D:4      | Reached XP level 7. HP: 38/44 MP: 7/7
  3443 | Temple   | Entered the Ecumenical Temple
  3723 | D:4      | Reached * piety under Trog
  3756 | D:4      | Reached skill level 5 in Armour
  4126 | D:4      | Reached skill level 5 in Fighting
  4220 | D:4      | Reached skill level 5 in Shields
  4326 | D:5      | Entered Level 5 of the Dungeon
  4342 | D:5      | Found a shattered altar of Ashenzari.
  4342 | D:5      | Noticed Blork the orc
  4379 | D:5      | Killed Blork the orc
  4418 | D:5      | Noticed Menkaure
  4428 | D:5      | Killed Menkaure
  4428 | D:5      | Reached XP level 8. HP: 37/50 MP: 8/8
  4455 | D:5      | Noticed Crazy Yiuf
  4465 | D:5      | Killed Crazy Yiuf
  4601 | D:5      | Found a white marble altar of Elyvilon.
  4690 | D:5      | Slain by an ogre

Action                   |  1- 3 |  4- 6 |  7- 9 || total
-------------------------+-------+-------+-------++-------
Melee: Flail             |   188 |   178 |       ||   366
       Hand axe          |       |   112 |   237 ||   349
Invok: Burn Spellbooks   |       |     1 |       ||     1
       Berserk           |       |       |     1 ||     1
  Eat: Chunk             |     1 |     8 |     4 ||    13
       Bread ration      |       |       |     1 ||     1
